[Event "Early-Titled-Tuesday-Blitz-June-18-2024"]
[Site "Chess.com"]
[Date "2024.06.18"]
[Round "6"]
[White "CristianS27"]
[Black "ChEsper99"]
[Result "1-0"]
[WhiteElo "2475"]
[BlackElo "2259"]
[TimeControl "180+1"]
[EndTime "9:10:38 PDT"]
[Termination "CristianS27 won by resignation"]

1. d4 d5 2. Bf4 g6 3. e3 Bg7 4. h4 Nf6 5. Bd3 Bf5 6. Bxf5 gxf5 7. Nd2 Nbd7 8. h5 h6 9. Ngf3 Ne4 10. c4 dxc4 11.
Qa4 c6 12. Qxc4 Nb6 13. Qb3 Qd5 14. Be5 Bxe5 15. Nxe5 Nxd2 16. Kxd2 e6 17. g3 Qxb3 18. axb3 Nd5 19. Ra4 a6 20. Nd3 Nf6 21. f3 Rg8 22. Rh3 Rg5 23. Nc5 Rb8 24. Rb4 Rxh5 25. Rxh5 Nxh5 26.
g4 fxg4 27. fxg4 Nf6 28. Kd3 Nxg4 29. d5 Ne5+ 30. Ke4 Nd7 31. Nxd7 Kxd7 32. dxc6+ Kxc6 33. Rc4+ Kd7 34. Rc2 Ke7 35. Rh2 Rh8 36. Kd4 Rd8+ 37. Kc5 Rd5+ 38. Kc4 h5 39. e4 Rb5 40. b4 f6 41. Rg2 Rg5 42. Rh2 Kf7 43. Kd4 Kg6 44.
Ke3 e5 45. Kd3 Rg3+ 46. Kc4 Kg5 47. Kc5 Rb3 48. Kc4 Rf3 49. Kc5 Re3 50. Kd5 Rb3 51.
Rg2+ Kf4 52. Rh2 Kg4 53. Rg2+ Rg3 54. Rf2 h4 55. Rxf6 h3 56. Kxe5 Rb3 57. Rg6+ Kf3 58.
Kd5 h2 59. e5 h1=Q 60. Rf6+ Kg2 61. Rh6 Kf2+ 62. Rxh1 Rxb4 63. Rh2+ Ke3 64. e6 Rd4+ 65. Ke5 Re4+ 66. Kd6 Kd4 67. Rd2+ Kc4 68. e7 Kb5 69. Rd5+ Kb4 70. Re5 1-0

[Event "Early-Titled-Tuesday-Blitz-June-18-2024"]
[Site "Chess.com"]
[Date "2024.06.18"]
[Round "6"]
[White "Anton_Demchenko"]
[Black "VerdeNotte"]
[Result "1/2-1/2"]
[WhiteElo "2982"]
[BlackElo "2859"]
[TimeControl "180+1"]
[EndTime "9:10:39 PDT"]
[Termination "Game drawn - insufficient material"]

1. e4 e5 2. Nf3 Nc6 3. Bc4 Nf6 4. d3 Bc5 5. Bg5 h6 6. Bh4 d6 7. c3 a5 8. Nbd2 Ba7 9. a4 Qe7 10. Qe2 Bd7 11. Bb5 g5 12. Bg3 Nd8 13. d4 exd4 14.
Nxd4 c6 15. Bd3 Bxd4 16. cxd4 Ne6 17. Nc4 d5 18. Nd6+ Kf8 19. Be5 Nf4 20. Bxf4 gxf4 21. e5 Ne8 22. Nxe8 Qb4+ 23. Qd2 Kxe8 24. Qxb4 axb4 25.
Kd2 b6 26. g3 fxg3 27. hxg3 Ke7 28. b3 c5 29. Rac1 Rac8 30. Rh4 Be6 31. f4 c4 32. Bc2 cxb3 33. Bxb3 Rxc1 34. Kxc1 Rc8+ 35. Kb2 Rg8 36. Bc2 Rxg3 37. f5 b3 38. Bb1 Bd7 39. Rxh6 Bxa4 40. Rxb6 Rg2+ 41. Ka3 Bd7 42. f6+ Kd8 43.
Rxb3 Rf2 44. Kb4 Be6 45. Kc5 Kc7 46. Ra3 Rb2 47. Bd3 Kb7 48. Ba6+ Kc7 49. Bd3 Kb7 50. Ra5 Rd2 51. Rb5+ Kc7 52. Rb3 Rd1 53. Kb4 Kb6 54. Kc3+ Kc7 55. Bc2 Rh1 56. Rb4 Rh3+ 57. Kd2 Rh2+ 58.
Kc1 Rh3 59. Ra4 Rh2 60. Ra7+ Kb6 61. Re7 Kb5 62. Bd3+ Kb4 63. Kd1 Kc3 64. Bg6 Kxd4 65. Bxf7 Bxf7 66. Rxf7 Kxe5 67. Rf8 Rf2 68. f7 Kd4 69.
Ke1 Rf6 70. Kd1 Rf5 71. Ke1 Kd3 72. Rd8 Rxf7 73. Rxd5+ Ke4 74. Rd8 Re7 75. Rd2 Ke5 76.
Re2+ Kd6 77. Rxe7 Kxe7 1/2-1/2

[Event "Early-Titled-Tuesday-Blitz-June-18-2024"]
[Site "Chess.com"]
[Date "2024.06.18"]
[Round "6"]
[White "DarkAlekhine"]
[Black "Silent-Killer100"]
[Result "1-0"]
[WhiteElo "2744"]
[BlackElo "2570"]
[TimeControl "180+1"]
[EndTime "9:10:41 PDT"]
[Termination "DarkAlekhine won by resignation"]

1. e4 c5 2. Nf3 e6 3. c3 Nf6 4. e5 Nd5 5. d4 cxd4 6. cxd4 d6 7. Bd3 Nc6 8. O-O Be7 9. Bd2 h6 10. Qe2 Qb6 11. Nc3 Nxc3 12. Bxc3 dxe5 13. dxe5 Bd7 14.
Rac1 O-O-O 15. Be4 Kb8 16. Rfd1 Bc8 17. a3 Rxd1+ 18. Rxd1 Rd8 19. Rxd8 Qxd8 20. Bxc6 bxc6 21. Nd4 Qd5 22. h3 Bb7 23. Qg4 Bf8 24. Qf4 Qd7 25. b4 c5 26. bxc5 Bxc5 27. Kh2 Bb6 28.
f3 a6 29. Ne2 Ka7 30. Bd4 Bxd4 31. Nxd4 Qd5 32. Qe3 Kb8 33. Nb3 Kc7 34. Kg3 Qc4 35. h4 Qd5 36. a4 Bc6 37. a5 Qb5 38. Kh2 Bd5 39. Qa7+ Qb7 40. Qc5+ Qc6 41. Qe7+ Qd7 42. Qxd7+ Kxd7 43. Nc5+ Kc6 44. Nxa6 Kb5 45. Nc7+ Kxa5 46. Ne8 Kb5 47. Nxg7 Kc6 48. Kg3 Kd7 49. Nh5 Ke7 50. Nf6 Kf8 51. Kf4 Bc6 52. Ke3 Kg7 53. h5 Kf8 54.
Kd4 Ba4 55. g3 Bd1 56. f4 Bc2 57. Kc5 Bb1 58. Kd6 Bf5 59. Nd7+ Kg7 60. Ke7 Bg4 61. Nf6 Bf3 62. g4 Be2 63. g5 hxg5 64. fxg5 Bd3 65. Ne8+ Kg8 66. Kf6 Kf8 67. Nd6 Bh7 68. Nxf7 Bg8 69.
Nd6 Bh7 70. g6 Bxg6 71. hxg6 Kg8 72. g7 Kh7 73. Kf7 1-0

[Event "Early-Titled-Tuesday-Blitz-June-18-2024"]
[Site "Chess.com"]
[Date "2024.06.18"]
[Round "6"]
[White "bangchess21"]
[Black "Attacker_2006"]
[Result "0-1"]
[WhiteElo "2759"]
[BlackElo "2503"]
[TimeControl "180+1"]
[EndTime "9:10:42 PDT"]
[Termination "Attacker_2006 won on time"]

1. b3 d5 2. Bb2 Nf6 3. e3 g6 4.
Nf3 Bg7 5. d4 O-O 6. c4 dxc4 7.
Bxc4 b6 8. O-O Bb7 9. Nbd2 Nbd7 10. Qe2 c5 11. dxc5 Nxc5 12. Rfd1 Rc8 13. Ne4 Qc7 14.
Nxf6+ Bxf6 15. Bxf6 exf6 16. Rac1 Qb8 17. b4 Ne4 18. Nd4 f5 19. Qe1 Qe5 20. Bf1 Nf6 21. Nb5 Ng4 22. f4 Qxe3+ 23. Qxe3 Nxe3 24. Re1 Rxc1 25. Rxc1 Nxf1 26. Kxf1 Ba6 27. a4 Re8 28. Kf2 Bxb5 29. axb5 Re4 30. Kf3 Rxb4 31. Ra1 Rb3+ 32.
Kf2 Rxb5 33. Rxa7 Rb2+ 34. Kf3 b5 35. Rb7 b4 36. Kg3 Kg7 37. Rb6 h6 38. Kf3 Kf8 39. Rb7 b3 40. Kg3 Rb1 41. Kh3 g5 42. fxg5 hxg5 43.
Rb5 b2 44. Kg3 Ke7 45. Kf2 Rh1 46. Rxb2 Rxh2 47. Rb5 Kf6 48. Rb6+ Kg7 49. Rb5 Kg6 50. Rb8 Rh7 51. Kf3 f6 52. Rg8+ Rg7 53. Ra8 f4 54. Ra5 Re7 55. Ra8 Re3+ 56. Kf2 Rb3 57. Ra6 Kf5 58. Rc6 Rb2+ 59. Kf1 Kg4 60. Rc3 f5 61. Kg1 Re2 62. Kh2 Re3 63. Rc8 f3 64.
gxf3+ Kxf3 65. Rc5 Kf4 66. Rc4+ Re4 67. Rc3 Re2+ 68.
Kg1 g4 69. Kf1 Re3 70. Rc5 Kg3 71. Rc4 f4 72. Rc2 f3 73. Rf2 Ra3 0-1

[Event "Early-Titled-Tuesday-Blitz-June-18-2024"]
[Site "Chess.com"]
[Date "2024.06.18"]
[Round "6"]
[White "N_I_Chess"]
[Black "FollowRivers"]
[Result "1/2-1/2"]
[WhiteElo "2334"]
[BlackElo "2497"]
[TimeControl "180+1"]
[EndTime "9:10:44 PDT"]
[Termination "Game drawn by repetition"]

1. d4 Nf6 2. c4 g6 3. Nc3 Bg7 4.
e4 d6 5. f4 O-O 6. Nf3 e5 7.
fxe5 dxe5 8. d5 c6 9. Bd3 b5 10. O-O bxc4 11. Bxc4 cxd5 12. exd5 Nbd7 13. Bg5 h6 14. Bh4 e4 15. Nxe4 Qb6+ 16. Bf2 Qxb2 17. Rb1 Qa3 18. Nxf6+ Nxf6 19. Kh1 Bf5 20. Rb7 Ne4 21.
Bg1 Nd6 22. Rc7 Qa5 23. Rc6 Nxc4 24. Rxc4 Qxa2 25. Ra4 Qc2 26. Rxa7 Rad8 27. Qxc2 Bxc2 28. Ra5 Bb3 29. Bc5 Rxd5 30. Bxf8 Rxa5 31. Bxg7 Kxg7 32. Nd4 Bd5 33. Kg1 Ra2 34. Rf2 Ra1+ 35. Rf1 Ra2 36.
Rf2 Ra4 37. Ne2 Ra1+ 38. Rf1 Rxf1+ 39. Kxf1 Bc4 40. Kf2 Bxe2 41. Kxe2 Kf6 42. Ke3 Ke5 43. g3 h5 44. h3 Kf5 45. Kf3 g5 46. Ke3 g4 47. h4 Ke5 48. Kd3 f5 49. Ke3 f4+ 50.
gxf4+ Kf5 51. Kf2 Kxf4 52. Kg2 g3 53. Kh3 Ke3 54. Kxg3 Ke4 55. Kh3 Kf4 56. Kg2 Kg4 57.
Kh2 Kxh4 58. Kg1 Kg4 59. Kh1 h4 60. Kg1 Kg3 61. Kh1 h3 62. Kg1 Kg4 63. Kh1 Kh4 64. Kg1 Kg5 65. Kh1 Kg4 66. Kg1 Kf3 67. Kh2 Kg4 68.
Kh1 Kg3 69. Kg1 Kh4 70. Kh1 Kg5 71. Kh2 Kg4 72. Kh1 1/2-1/2

[Event "Early-Titled-Tuesday-Blitz-June-18-2024"]
[Site "Chess.com"]
[Date "2024.06.18"]
[Round "6"]
[White "stasOR4ik"]
[Black "AldokhinIvan"]
[Result "0-1"]
[WhiteElo "2460"]
[BlackElo "2647"]
[TimeControl "180+1"]
[EndTime "9:10:45 PDT"]
[Termination "AldokhinIvan won by checkmate"]

1. e4 c5 2. c3 d5 3. exd5 Qxd5 4. Nf3 Nf6 5. d4 cxd4 6. cxd4 e6 7. Nc3 Qd6 8. a3 Be7 9. Nb5 Qd8 10. Bf4 Nd5 11. Bg3 a6 12. Nc3 O-O 13. Bd3 Nd7 14. O-O Nxc3 15. bxc3 b6 16. Be4 Ra7 17. Qd3 f5 18.
Bc6 f4 19. Rae1 fxg3 20. fxg3 Rc7 21. Ba4 Nf6 22. Ng5 g6 23. Bb3 Kg7 24. Bxe6 h6 25. Bxc8 hxg5 26. Bxa6 Qd6 27. a4 Bd8 28. Bb5 Nd5 29.
c4 Rxf1+ 30. Rxf1 Ne7 31. d5 Qe5 32. Qf3 Nf5 33. g4 Qe3+ 34. Qxe3 Nxe3 35. Re1 Nxc4 36. Re8 Bf6 37. Re6 Ne5 38. d6 Rc1+ 39. Kf2 Nxg4+ 40.
Kg3 Ne5 41. d7 Rd1 42. Kf2 Nxd7 43. Bxd7 Rxd7 44. Rc6 Rd2+ 45. Kf3 Ra2 46. Rxb6 Ra3+ 47. Kg4 Rxa4+ 48. Kf3 g4+ 49. Ke2 Bd4 50. Rb1 Kf6 51.
h3 Ra2+ 52. Kd3 Be5 53. hxg4 Rxg2 54. Rb4 Rg3+ 55. Ke2 Kg5 56. Kf2 Bf4 57. Rb5+ Kxg4 58. Rb6 g5 59. Rh6 Rb3 60. Kg2 Rb2+ 61. Kf1 Kf3 62.
Rf6 g4 63. Ke1 g3 64. Kf1 Rb1# 0-1

[Event "Early-Titled-Tuesday-Blitz-June-18-2024"]
[Site "Chess.com"]
[Date "2024.06.18"]
[Round "6"]
[White "Sam_ChessMood"]
[Black "chess123456s"]
[Result "1-0"]
[WhiteElo "2937"]
[BlackElo "2615"]
[TimeControl "180+1"]
[EndTime "9:10:50 PDT"]
[Termination "Sam_ChessMood won by resignation"]

1. d4 Nf6 2. Bg5 Ne4 3. Bh4 c5 4.
d5 Qb6 5. Qc1 g5 6. Bg3 Bg7 7.
c3 Qh6 8. Bxb8 Rxb8 9. Nd2 Nxd2 10. Qxd2 d6 11. h4 g4 12. e3 b5 13. g3 b4 14. c4 Qf6 15. Rb1 Bf5 16. Bd3 O-O 17. Ne2 a5 18. O-O a4 19. Nf4 Bxd3 20. Qxd3 Bh6 21.
Rfe1 Rb7 22. Re2 Rfb8 23. Rd1 Qe5 24. Rde1 Bg7 25. Qb1 b3 26. a3 Qf6 27. Rd1 Qe5 28. Red2 Bh6 29. Qd3 Bg7 30. Ne2 Qf6 31. Nc3 Ra8 32.
Rc1 Qf3 33. e4 Qxd3 34. Rxd3 h5 35. f3 Bd4+ 36. Kg2 gxf3+ 37. Rxf3 f6 38. Rf5 Kg7 39. Rxh5 Kg6 40. Rf5 Rh8 41. Nxa4 Ra8 42. Nc3 Bxc3 43. Rxc3 Rxa3 44. Rf2 Ra2 45. Kh3 Rb4 46. Kg4 Raa4 47. h5+ Kf7 48. Kf4 Rxc4 49. Rxc4 Rxc4 50. Rf3 e5+ 51. Kf5 Rb4 52. h6 c4 53. h7 Rb8 54. g4 Rh8 55. Rh3 Kg7 56. Ke6 Rxh7 57. Rc3 Rh2 58. Rxc4 Rxb2 59. Kxd6 Rc2 60.
Rb4 b2 61. Ke6 Rc4 62. Rxb2 Rxe4 63. d6 Rd4 64. d7 Kg6 65. Rb6 Rxd7 66. Kxd7 Kg5 67.
Ke6 e4 68. Rb4 Kf4 69. Kxf6 Kf3 70. Rxe4 Kxe4 71. g5 Kf4 1-0

[Event "Early-Titled-Tuesday-Blitz-June-18-2024"]
[Site "Chess.com"]
[Date "2024.06.18"]
[Round "6"]
[White "Omranalhosani21"]
[Black "GothamChess"]
[Result "1-0"]
[WhiteElo "2562"]
[BlackElo "2760"]
[TimeControl "180+1"]
[EndTime "9:10:50 PDT"]
[Termination "Omranalhosani21 won by checkmate"]

1. d4 g6 2. c4 Bg7 3. Nf3 d6 4.
g3 Nc6 5. Bg2 Bd7 6. O-O Qc8 7.
Re1 Bh3 8. Bh1 h5 9. d5 Ne5 10.
Nxe5 Bxe5 11. Nd2 h4 12. Nf3 hxg3 13. hxg3 Bg7 14. Ng5 Bg4 15. Bg2 Nh6 16. Qb3 Nf5 17. e3 Bf6 18. Ne4 Bh3 19. Bf3 Be5 20. c5 Kf8 21. Bd2 Nh4 22. gxh4 Qf5 23. Qd1 Rxh4 24. Ng3 Qg5 25. Bg2 Bxg3 26. fxg3 Qxg3 27. Qf3 Qg5 28. Rf1 f6 29. Rf2 Kg7 30. Kf1 Bxg2+ 31.
Rxg2 Rh1+ 32. Ke2 Qxg2+ 33. Qxg2 Rxa1 34. Qe4 Re8 35. Qa4 Kf7 36. Bc3 dxc5 37. Qxa7 b5 38.
Qxc7 b4 39. Bd2 Rxa2 40. Qxc5 Rxb2 41. Qc4 Kg7 42. Qd4 Rc2 43. Kd3 Rcc8 44. Bxb4 Rcd8 45. Bc3 Rd7 46. e4 Red8 47. Qg1 Rh8 48. Qf2 Rh3+ 49.
Kd2 Rc7 50. Bd4 Ra3 51. Qf4 Ra2+ 52. Kd1 Rb7 53. Kc1 Rc7+ 54. Qxc7 Kh6 55. d6 exd6 56.
Qxd6 Ra4 57. Qxf6 Rc4+ 58. Kd2 Kh5 59. Qf3+ Kh6 60. Be3+ Kg7 61. Kd3 Rc7 62. Bd4+ Kh6 63. Qh3+ Kg5 64. Qg3+ Kh6 65. Qxc7 g5 66. Qg7+ Kh5 67.
Ke3 Kg4 68. Bf6 Kh3 69. Qh6+ Kg2 70. Qxg5+ Kf1 71. Qf4+ Ke1 72. Qf2+ Kd1 73. Qd2# 1-0

[Event "Early-Titled-Tuesday-Blitz-June-18-2024"]
[Site "Chess.com"]
[Date "2024.06.18"]
[Round "6"]
[White "NovoselovRoman"]
[Black "ellatambien"]
[Result "0-1"]
[WhiteElo "2547"]
[BlackElo "2689"]
[TimeControl "180+1"]
[EndTime "9:10:59 PDT"]
[Termination "ellatambien won by checkmate"]

1. e4 e5 2. Nf3 Nc6 3. Bc4 Nf6 4. d3 Bc5 5. c3 O-O 6. Bb3 a5 7. Nbd2 h6 8. h3 Re8 9. g4 d5 10. Qe2 a4 11. Bc2 d4 12. a3 Nd7 13. Nf1 Bf8 14.
Ng3 Nc5 15. Nf5 Be6 16. cxd4 exd4 17. Bf4 Qd7 18. Ng3 b5 19. g5 b4 20. gxh6 g6 21. h7+ Kh8 22. Ne5 Nxe5 23. Bxe5+ Bg7 24. Bxg7+ Kxg7 25. axb4 Nb3 26. Bxb3 axb3 27. O-O Bxh3 28. Rfc1 Rxa1 29. Rxa1 Kxh7 30. Qf3 Kg7 31. Ra7 Bg4 32.
Qf4 Re7 33. e5 Bf5 34. b5 Qe6 35. Qxd4 Qxe5 36. Qxe5+ Rxe5 37. Rxc7 Rxb5 38. Rc3 Be6 39. Ne2 Rb4 40. Kf1 Ra4 41. Nc1 Rb4 42. Ke2 Kf6 43.
Ke3 Ke5 44. Ne2 g5 45. d4+ Kd6 46. Nc1 f5 47. Nd3 f4+ 48. Ke4 Bd5+ 49. Kf5 Rxd4 50. Kxg5 f3 51. Nf4 Bc4 52. Rxf3 Rd2 53. Kf5 Rxb2 54.
Ke4 Rd2 55. Ng6 b2 56. Rf6+ Kc5 57. Ne5 b1=Q+ 58. Ke3 Qe1+ 59. Kf4 Rxf2+ 60. Kg5 Rxf6 61. Nd7+ Kd4 62. Nxf6 Qg3+ 63. Kh6 Be2 64. Kh7 Qg5 65. Ng8 Bd3+ 66. Kh8 Qh5+ 67. Kg7 Qh7+ 68. Kf8 Bc4 69. Nh6 Qxh6+ 70. Ke7 Qf4 71. Kd7 Qf5+ 72. Kd6 Qd5+ 73. Kc7 Qe6 74. Kb7 Kc5 75. Kc7 Qf7+ 76. Kd8 Kc6 77.
Kc8 Qe8# 0-1

[Event "Early-Titled-Tuesday-Blitz-June-18-2024"]
[Site "Chess.com"]
[Date "2024.06.18"]
[Round "6"]
[White "InadaC"]
[Black "InitiatingASC"]
[Result "0-1"]
[WhiteElo "2232"]
[BlackElo "2432"]
[TimeControl "180+1"]
[EndTime "9:11:00 PDT"]
[Termination "InitiatingASC won by resignation"]

1. Nf3 d5 2. b3 Nc6 3. Bb2 Bg4 4. d4 Bxf3 5. exf3 Qd7 6. Bb5 a6 7. Bd3 O-O-O 8. O-O h5 9. Nd2 h4 10. h3 Nh6 11. a4 g5 12. c4 Bg7 13. cxd5 Qxd5 14. Be4 Qd7 15. Nc4 Nxd4 16. Re1 f5 17. Bb1 g4 18.
fxg4 fxg4 19. hxg4 Nxg4 20. Be4 h3 21. g3 h2+ 22. Kg2 Nxf2 23. Kxf2 Rdf8+ 24. Kg2 Qh3+ 25. Kh1 Qxg3 26. Bxd4 Bxd4 27. Qxd4 Rfg8 28. Bxb7+ Kb8 29. Qxh8 Rxh8 30. Bg2 Rg8 31. Re2 Qxb3 32. Nd2 Qd3 33. Rb1+ Kc8 34. Rbe1 e5 35. Nf3 Qh7 36. Nxe5 Rh8 37.
Rb2 Qh4 38. Rbe2 Qxa4 39. Nf3 Qb5 40. Nxh2 Qc5 41. Re5 Qd6 42. Re8+ Rxe8 43. Rxe8+ Kd7 44. Re1 a5 45. Nf3 a4 46. Re2 Qb4 47. Rd2+ Ke8 48.
Re2+ Kf8 49. Bh3 Qb1+ 50. Kg2 Qd3 51. Rf2 Kg8 52. Ne5 Qd5+ 53. Nf3 a3 54. Kh2 a2 55. Rg2+ Kh8 56. Ng5 a1=Q 57. Be6 Qxg5 58. Rxg5 Qb2+ 59. Kh3 Qf6 60. Rh5+ Kg7 61. Bg4 Qc3+ 62.
Kh4 c5 63. Rf5 Qe1+ 64. Kh3 c4 65. Rg5+ Kf6 66. Rf5+ Ke7 67. Rh5 c3 68. Rh7+ Kd6 69. Rd7+ Kc5 70. Rc7+ Kb4 71. Rb7+ Ka3 72. Ra7+ Kb2 73.
Rb7+ Kc1 74. Bf5 Qe3+ 75. Kg4 Qg1+ 76. Kf4 Qf2+ 77. Ke5 Qf3 78. Be4 Qg3+ 79. Kd5 Kd2 80. Rb4 c2 81. Rd4+ Kc1 82. Rc4 Qg5+ 83. Kd4 Qf6+ 84.
Kd3 Qd6+ 85. Ke3 Qd2+ 86. Kf3 Qd1+ 87. Kf4 Qf1+ 88. Ke5 Qxc4 89. Kf4 Qxe4+ 90. Kxe4 Kd2 91. Kf3 c1=Q 0-1

[Event "Early-Titled-Tuesday-Blitz-June-18-2024"]
[Site "Chess.com"]
[Date "2024.06.18"]
[Round "6"]
[White "KubaGepard"]
[Black "IlanSchnaider"]
[Result "1-0"]
[WhiteElo "2639"]
[BlackElo "2823"]
[TimeControl "180+1"]
[EndTime "9:11:09 PDT"]
[Termination "KubaGepard won by checkmate"]

1. d4 Nf6 2. Nf3 d5 3. c4 e6 4. e3 a6 5. Nc3 Be7 6. b3 O-O 7. Bb2 Nbd7 8. Rc1 b6 9. cxd5 exd5 10. Bd3 Bb7 11. Qc2 h6 12. O-O Re8 13. Ne5 Nxe5 14.
dxe5 Ng4 15. Ne2 Bc5 16. b4 Bxe3 17. fxe3 Qh4 18. h3 Nxe3 19. Qxc7 Re7 20. Qxb6 Nxf1 21. Rxf1 Rae8 22. Qd4 Qg5 23. Bc1 Qxe5 24. Qxe5 Rxe5 25. Nd4 Rc8 26. Bd2 Ree8 27. a4 Rb8 28. b5 axb5 29.
Bxb5 Re4 30. Rf4 Rc8 31. Nf5 Ra8 32. Nd6 Rxf4 33. Bxf4 Ba6 34. Bc6 Ra7 35. Nb5 Re7 36. Bxd5 Re1+ 37. Kh2 Ra1 38. Nc3 Ra3 39. Be5 Bc8 40. Bc6 Kh7 41. Nd5 Be6 42. Nb6 Bf5 43.
Nc4 Ra2 44. Nd6 Be6 45. Nb7 g6 46. a5 Bc4 47. Bd4 Ba6 48. Bb6 Rc2 49. Nc5 Bf1 50.
Bf3 Bb5 51. a6 Bxa6 52. Nxa6 Rb2 53. Bg1 Ra2 54. Nb4 Rb2 55. Nd3 Rb5 56. Nc5 Ra5 57. Ne4 Ra6 58. Bd4 f5 59. Nf6+ Kg7 60. Ng4+ Kh7 61. Ne5 Ra4 62. Nc6 h5 63. h4 Rc4 64.
Kg3 Ra4 65. Kf4 Rc4 66. Kg5 Ra4 67. Bf6 Rc4 68. Ne5 Rc5 69. Be2 Rc2 70. Bf3 Rc5 71. g3 Rc3 72. Bd5 Rc5 73. Bf7 Rc7 74. Bxg6+ Kg8 75.
Bxf5 Rc3 76. Kf4 Ra3 77. Be4 Ra4 78. Bg5 Rb4 79. Kf5 Kg7 80. Bf6+ Kh7 81. Kg5+ Kg8 82. Bd5+ Kh7 83. Bf7 Rb5 84. Bg6+ Kg8 85. Kh6 Rb7 86. Bf7+ Kf8 87. Kg6 Rb6 88. Nd7# 1-0

[Event "Early-Titled-Tuesday-Blitz-June-18-2024"]
[Site "Chess.com"]
[Date "2024.06.18"]
[Round "6"]
[White "KNVB"]
[Black "ChristopherYoo"]
[Result "1-0"]
[WhiteElo "2826"]
[BlackElo "3011"]
[TimeControl "180+1"]
[EndTime "9:11:11 PDT"]
[Termination "KNVB won on time"]

1. d4 d5 2. Bf4 Nf6 3. e3 c5 4. c3 Qb6 5. Qb3 c4 6. Qxb6 axb6 7. Bxb8 Rxb8 8. Nd2 e6 9. a3 b5 10.
Be2 Nd7 11. Bd1 Nb6 12. Bc2 Bd6 13.
e4 f6 14. Ne2 Bd7 15. f4 dxe4 16. Nxe4 Ke7 17. Nxd6 Kxd6 18. O-O f5 19. Kf2 Nd5 20. g3 h6 21. h4 g5 22. Rh1 Nf6 23. Rag1 Ng4+ 24.
Ke1 Bc6 25. Rh3 Ne3 26. Kd2 g4 27. Rh2 Nd5 28. Rf2 Nf6 29. Re1 Be4 30. Bd1 Bd3 31. Nc1 Ne4+ 32. Rxe4 Bxe4 33. Bc2 Bf3 34. Na2 Ke7 35.
Ke3 Rhd8 36. Rf1 Kf6 37. Re1 Bd5 38. Nb4 Rd6 39. Kf2 Rbd8 40. Re5 h5 41. Ke3 R6d7 42. Ke2 Kf7 43. Ke1 Rd6 44. Kf2 Bc6 45. Ke1 Be8 46. Kf2 Kf6 47. Ke1 b6 48. Ke2 Bd7 49. Kf2 Bc6 50.
Nxc6 Rxc6 51. Rxb5 Rd5 52. Rb4 b5 53. Ke3 Ra6 54. Bd1 Ra5 55. Kf2 Ke7 56. Bc2 Kd7 57. Ke1 Kc7 58. Kd2 Rd8 59. Kc1 Rb8 60. Kb1 Rb6 61. Kc1 Ra8 62. Bd1 Ra7 63. Kd2 Kc6 64.
Ke3 Rbb7 65. Kf2 Kc7 66. Ke1 Ra8 67. Ke2 Ra5 68. Kd2 Kd6 69. Kc1 Rb8 70. Bc2 Kc7 71. Kd2 Rd8 72. Ke3 Rd6 73. Kf2 Rb6 74. Ke2 Kd6 75.
Ke1 Ke7 76. Kf2 Kd8 77. Kf1 Rd6 78. Ke2 Rd7 79. Bd1 Rda7 80. Ke1 Kc7 81. Bc2 Kd6 82.
Kd2 Rf7 83. Ke3 Rf8 84. Ke2 Ke7 85. Kd1 Kf6 86. Kc1 Rd8 87. Bd1 e5 88. dxe5+ Ke6 89.
Bc2 Rd5 90. b3 Rxa3 91. Kb2 Ra7 92. bxc4 bxc4 93. Rxc4 Rd2 94. Kc1 1-0

[Event "Early-Titled-Tuesday-Blitz-June-18-2024"]
[Site "Chess.com"]
[Date "2024.06.18"]
[Round "6"]
[White "MaxLeto"]
[Black "SujanaLohani"]
[Result "1-0"]
[WhiteElo "2463"]
[BlackElo "2262"]
[TimeControl "180+1"]
[EndTime "9:11:15 PDT"]
[Termination "MaxLeto won by resignation"]

1. a3 e5 2. b3 d5 3. c3 Nc6 4. d3 Nf6 5. e3 Bc5 6. f3 O-O 7. g3 e4 8. h3 exf3 9. Nxf3 Re8 10. d4 Bd6 11. Rg1 Ne4 12. g4 Bg3+ 13. Ke2 Qf6 14. Qc2 h5 15. g5 Qg6 16. Nbd2 Bf2 17. Rg2 Bxh3 18. Rxf2 Bg4 19. Bg2 Qxg5 20.
Kf1 Ng3+ 21. Kg1 Qxe3 22. Nf1 Ne2+ 23. Qxe2 Qxe2 24. Rxe2 Rxe2 25. Ng3 Rc2 26. Bf4 Rxc3 27. Ne5 Nxd4 28. Bxd5 c6 29. Bxf7+ Kf8 30. Bxh5 Bxh5 31. Nxh5 Ne2+ 32. Kh1 Nxf4 33. Nxf4 Re8 34. Neg6+ Kg8 35. b4 Ree3 36. a4 Rb3 37. Rd1 Re8 38. Rd4 Ra3 39. a5 Rg3 40. Kh2 Rg4 41. Kh3 Rg5 42.
Kh4 Rb5 43. Kg4 c5 44. Rd5 b6 45. axb6 axb6 46. bxc5 Rxc5 47. Rd7 Rc6 48. Ne7+ Rxe7 49. Rxe7 b5 50. Rb7 Rc5 51. Ne6 Re5 52. Nxg7 b4 53. Nf5 b3 54. Rxb3 Kf7 55. Rb6 Re6 56. Rb7+ Kf6 57.
Ng3 Rc6 58. Rb5 Rc4+ 59. Kf3 Ra4 60. Ne4+ Kg6 61. Kf4 Ra1 62. Rb6+ Kf7 63. Kf5 Ra5+ 64. Kf4 Ke7 65. Rb7+ Ke6 66. Rh7 Rf5+ 67. Ke3 Ke5 68. Re7+ Kd5 69. Re8 Re5 70. Rd8+ Kc6 71. Kd4 Re7 72.
Rc8+ Kd7 73. Rc5 Ke6 74. Rc6+ Kd7 75. Ra6 Re8 76. Kd5 Rh8 77. Ra7+ Ke8 78. Ra8+ Kf7 79. Rxh8 1-0

[Event "Early-Titled-Tuesday-Blitz-June-18-2024"]
[Site "Chess.com"]
[Date "2024.06.18"]
[Round "6"]
[White "Larina_Maria"]
[Black "Likvidator228"]
[Result "0-1"]
[WhiteElo "2369"]
[BlackElo "2542"]
[TimeControl "180+1"]
[EndTime "9:11:21 PDT"]
[Termination "Likvidator228 won by resignation"]

1. e4 c5 2. Nc3 g6 3. g3 Bg7 4.
Bg2 Nc6 5. d3 e6 6. Be3 d6 7.
Qd2 h5 8. Nf3 Nd4 9. Bg5 Ne7 10.
Nd1 b6 11. c3 Ndc6 12. O-O Bb7 13. Re1 O-O 14. Bh6 f6 15. Bxg7 Kxg7 16. d4 cxd4 17. Nxd4 Nxd4 18. Qxd4 e5 19. Qd3 d5 20. exd5 Bxd5 21. Bxd5 Qxd5 22. Qxd5 Nxd5 23. Ne3 Rfd8 24. Nc4 b5 25. Na5 Nb6 26. Rad1 Kf7 27. Nc6 Rxd1 28. Rxd1 Ke6 29. Kg2 Nd5 30. h4 a6 31. Na5 Rd8 32. Kf3 e4+ 33. Ke2 Rd7 34. Nc6 Rd6 35. Nd4+ Ke5 36.
Nb3 f5 37. f4+ exf3+ 38. Kxf3 Nb6 39. Re1+ Kf6 40. Nd4 Nc4 41. Re2 g5 42. hxg5+ Kxg5 43. b3 Nb6 44. Ne6+ Kf6 45. Nf4 Nd5 46. Nxh5+ Kg5 47. Nf4 Nxc3 48. Rh2 Ne4 49. Rh5+ Kf6 50. Rh6+ Ke5 51. Ng6+ Kd4 52. Kf4 Rf6 53. g4 fxg4+ 54. Kxg4 Nc3 55. a3 Nd5 56. Kg5 Rd6 57. Rh4+ Kc3 58. Rh3+ Kb2 59. Ne5 Kxa3 60. Kf5 Nb4 61.
Ke4 Rd1 62. Ke3 Na2 63. Ke2 Rd5 64. Nd3 b4 65. Nf4 Nc3+ 66. Ke3 Re5+ 67. Kd4 Re4+ 68.
Kc5 Rxf4 69. Rh1 Kxb3 70. Ra1 Kb2 71. Rxa6 b3 72. Rb6 Rf5+ 73. Kd4 Rf4+ 74. Ke3 Re4+ 75.
Kd2 Re2+ 76. Kd3 Rh2 77. Rc6 Rh3+ 78. Kd2 Na2 79. Rb6 Rh4 80. Kd3 Rb4 81. Rc6 Rb7 82. Rf6 Rd7+ 83. Kc4 Nc1 84. Rf2+ Kb1 85. Kc3 Rc7+ 86. Kb4 b2 87. Ka3 Nd3 88. Rd2 Rc3+ 89. Ka4 Kc1 90. Rg2 b1=Q 91. Rg1+ Kc2 92. Rxb1 Kxb1 0-1

[Event "Early-Titled-Tuesday-Blitz-June-18-2024"]
[Site "Chess.com"]
[Date "2024.06.18"]
[Round "6"]
[White "DishonorOnYourCow"]
[Black "SicilianPanzer"]
[Result "1/2-1/2"]
[WhiteElo "2520"]
[BlackElo "2347"]
[TimeControl "180+1"]
[EndTime "9:11:21 PDT"]
[Termination "Game drawn by repetition"]

1. d4 Nf6 2. c4 e6 3. Nf3 Bb4+ 4. Nbd2 a5 5. a3 Bxd2+ 6. Qxd2 a4 7. e3 d6 8. Bd3 Nbd7 9. O-O e5 10. e4 O-O 11.
Qc2 h6 12. h3 exd4 13. Nxd4 Nc5 14. Be3 Re8 15. f3 Nfd7 16. Be2 Ne5 17. Rad1 Qh4 18. Nb5 Bxh3 19. Bxc5 Bxg2 20. Kxg2 Re6 21. Rg1 dxc5 22. Kf1 Qh3+ 23. Kf2 Rf6 24. Qc3 Qh2+ 25. Rg2 Ng4+ 26. Ke1 Qxg2 27. fxg4 Qf2+ 28. Kd2 Rd8+ 29. Kc1 Re8 30. Bd3 c6 31. Nc7 Qf4+ 32. Kb1 Qxc7 33. Bc2 Qe5 34. Qd3 Rfe6 35. Qd7 R6e7 36. Qd2 Qe6 37.
Qe2 Rd7 38. Rg1 Rd4 39. g5 hxg5 40. Rxg5 g6 41. e5 Qxc4 42. Qg2 Qe6 43. Bxg6 fxg6 44. Rxg6+ Kf7 45. Rxe6 Rxe6 46. Qf2+ Ke7 47. Qh2 Rd7 48. Qh7+ Kd8 49. Qg8+ Re8 50. Qg5+ Rde7 51. e6 Kc8 52. Qxc5 Rxe6 53. Qa7 Re4 54. Qa8+ Kc7 55. Qa5+ Kc8 56. Qa7 Kc7 57. Qa5+ Kd6 58. Qb6 R8e7 59. Qa7 Kc7 60. Qa5+ Kb8 61. Qd8+ Ka7 62. Qd6 R7e5 63. Ka2 Rd5 64. Qc7 Re2 65. Qc8 Rdd2 66. Qc7 Rxb2+ 67. Ka1 Rb5 68. Qd8 Re1+ 69. Ka2 Re2+ 70. Ka1 Re3 71. Qd4+ Ka6 72. Qxe3 Rb3 73. Qe2+ b5 74. Ka2 Kb6 75. Qe8 Kb7 76. Qd7+ Kb6 77. Qd8+ Kb7 78. Qd6 Kb6 79. Qb8+ Kc5 80. Qc7 Kd5 81. Qb6 Kd6 82. Qd8+ Kc5 83. Qc7 Kd5 84. Qf7+ Kc5 85. Qf5+ Kb6 86.
Qf2+ c5 87. Qf6+ Kc7 88. Qe6 c4 89. Qd5 c3 90. Qc5+ Kd7 91. Qd4+ Kc7 92. Qc5+ Kd7 93. Ka1 Ke6 94. Ka2 Kd7 1/2-1/2